 Dungeon Crawl Stone Soup version 0.18-a0-1637-g109f206 (webtiles) character file.

2949 dohliylev the Covert (level 9, -2/61 HPs)
             Began as a Vampire Enchanter on Mar 26, 2016.
             Was a Believer of Dithmenos.
             Slain by a killer bee (6 damage)
             ... on level 8 of the Dungeon.
             The game lasted 01:05:27 (8412 turns).

dohliylev the Covert (Vampire Enchanter)            Turns: 8412, Time: 01:05:28

Health: -2/61      AC:  4    Str:  7    XL:     9   Next: 51%
Magic:  13/25      EV: 15    Int: 22    God:    Dithmenos [**....]
Gold:   634        SH:  0    Dex: 17    Spells: 5 memorised, 4 levels left

rFire  . . .     SeeInvis +     a - +1 dagger
rCold  . . .     Gourm    .     b - +1 robe
rNeg   . . .     Faith    +     (no shield)
rPois  .         Spirit   .     (no helmet)
rElec  .         Dismiss  .     (no cloak)
rCorr  .         Reflect  .     (no gloves)
SustAt .         Harm     .     M - +0 pair of boots
MR     .....                    j - amulet of faith
Stlth  ++++++++..               y - ring of magical power
                                z - +4 ring of intelligence

@: lethally poisoned (-2 -> -4), regenerating quickly, wreathed by umbra, not
resistant to hostile enchantments, extraordinarily stealthy
A: fangs 3, see invisible, unbreathing
a: Shadow Step, Renounce Religion


You were on level 8 of the Dungeon.
You worshipped Dithmenos.
Dithmenos was pleased with you.
You were full.

You visited 2 branches of the dungeon, and saw 11 of its levels.
You also visited: Ossuary.

You collected 634 gold pieces.

Inventory:

Hand Weapons
 a - a +1 dagger (weapon)
Missiles
 s - 44 poisoned needles
Armour
 b - a +1 robe (worn)
 C - the +2 cloak "Qerph" {rC+ Str-5 Int+3}
   (You found it on level 7 of the Dungeon)

   It affects your strength (-5).
   It affects your intelligence (+3).
   It protects you from cold.
 M - a +0 pair of boots (worn)
 N - a +0 buckler
Jewellery
 j - an amulet of faith (around neck)
 t - a +2 ring of strength
 y - a ring of magical power (right hand)
 z - a +4 ring of intelligence (left hand)
 I - a +3 ring of intelligence
 K - an uncursed ring of protection from fire
 S - the amulet of Oxitarin {+Rage rC+, unknown}
   (You took it off a wight on level 8 of the Dungeon)

   [amulet of rage]

   It protects you from cold.
   It lets you go berserk.
 Y - an uncursed amulet of dismissal {unknown}
Wands
 D - a wand of digging (4/24)
 E - a wand of slowing (22/48)
 J - a wand of polymorph (14/24)
 L - a wand of teleportation (6/9)
 T - a wand of paralysis (15/24)
Scrolls
 e - 5 scrolls of identify {unknown}
 f - 2 scrolls of fog {unknown}
 i - 3 scrolls of remove curse
 n - 5 scrolls of teleportation {unknown}
 o - 2 scrolls of enchant armour {unknown}
 p - 2 scrolls of immolation {unknown}
 r - 4 scrolls of enchant weapon {unknown}
 v - 3 scrolls of amnesia {unknown}
 x - 3 scrolls of magic mapping {unknown}
 B - a scroll of random uselessness {unknown}
 F - a scroll of holy word {unknown}
 H - 2 scrolls of recharging {unknown}
 R - a scroll of brand weapon {unknown}
 W - a scroll of torment {unknown}
Potions
 d - 11 potions of blood
 g - a potion of heal wounds {unknown}
 h - 2 potions of might {unknown}
 k - a potion of resistance {unknown}
 l - a potion of cure mutation {unknown}
 m - 2 potions of brilliance {unknown}
 q - 9 potions of curing {unknown}
 w - 2 potions of haste {unknown}
 A - 3 potions of mutation {unknown}
 G - 2 potions of flight {unknown}
 P - a potion of agility {unknown}
 Q - 2 potions of invisibility {unknown}
 V - a potion of berserk rage {unknown}
 X - 3 potions of degeneration {unknown}
Books
 c - a book of Maledictions

   Spells                             Type                      Level
   a - Corona                         Hexes                        1
   b - Ensorcelled Hibernation        Hexes/Ice                    2
   c - Confuse                        Hexes                        3
   d - Tukima's Dance                 Hexes                        3
   e - Dazzling Spray                 Conjuration/Hexes            3
 u - a book of Enchantments

   Spells                             Type                      Level
   a - Cause Fear                     Hexes                        4
   b - Yara's Violent Unravelling     Hexes/Transmutation          5
   c - Silence                        Hexes/Air                    5
   d - Deflect Missiles               Charms/Air                   6
   e - Haste                          Charms                       6
   f - Discord                        Hexes                        8
 O - a book of Hinderance

   Spells                             Type                      Level
   a - Confusing Touch                Hexes                        2
   b - Confuse                        Hexes                        3
   c - Gell's Gravitas                Hexes/Translocation          3
   d - Petrify                        Transmutation/Earth          4
   e - Metabolic Englaciation         Hexes/Ice                    5
   f - Yara's Violent Unravelling     Hexes/Transmutation          5


   Skills:
 + Level 1.6 Fighting
 + Level 2.6 Short Blades
 + Level 5.4 Dodging
 + Level 13.3 Stealth
 + Level 5.1 Spellcasting
 + Level 0.5 Conjurations
 + Level 8.7 Hexes
 + Level 3.6 Ice Magic


You had 4 spell levels left.
You knew the following spells:

 Your Spells              Type           Power        Failure   Level  Hunger
a - Corona                Hex            #####..      1%          1    None
b - Ensorcelled Hibernat  Hex/Ice        ####..       1%          2    None
c - Dazzling Spray        Conj/Hex       ####....     6%          3    ##.....
d - Tukima's Dance        Hex            #####...     1%          3    ##.....
e - Yara's Violent Unrav  Hex/Trmt       ###.......   50%         5    #####..


Dungeon Overview and Level Annotations

Branches:
Dungeon (10/15)            Temple (1/1) D:7            Lair (0/8) D:9
    Orc: D:9-12

Altars:
Cheibriados
Dithmenos
Elyvilon
Fedhas
Gozag
Kikubaaqudgha
Makhleb
Nemelex Xobeh
Okawaru
Pakellas
Qazlal
Ru
Sif Muna
Trog
Vehumet
Xom
Yredelemnul
Zin
The Shining One

Shops:
D:8 !


Innate Abilities, Weirdness & Mutations

Your natural rate of healing is unusually fast.
You have razor-sharp teeth.
You have supernaturally acute eyesight.
You can survive without breathing.


Message History

The killer bee buzzes angrily.
You feel sick. The killer bee completely misses you. The killer bee stings you!
You barely miss the killer bee.
You bite the killer bee, but do no damage.
The killer bee is moderately wounded.
You feel sick. The killer bee barely misses you.
You hit the killer bee.
The killer bee is heavily wounded.
You feel sick. The killer bee stings you!
* * * LOW HITPOINT WARNING * * *
The killer bee stings you but does no damage.
You feel sick. The killer bee barely misses you.
You feel sick. The killer bee stings you.
* * * LOW HITPOINT WARNING * * *
You feel sick. The killer bee closely misses you.
You feel sick. The killer bee stings you.
* * * LOW HITPOINT WARNING * * *
The killer bee stings you.
You die...

#....# #....# #######
#....#######.....#
...#.#.........#.#
####.#.#####.#.#.# #.#.#
#.#.#.# #.#.# #.#.#.#
#.#.# #.#.#.#
####.#.#####.#.#@#
.....#.......#.#y#
######.#######.#y#
##.....#####.#.#
###.........÷..#.######.#
......_..#######...†....#
####.....# ##########
#.....# #.#...#


You could see 2 killer bees.

Vanquished Creatures
  Psyche (D:8)
  A tengu conjurer (D:10)
  2 hippogriffs
  Menkaure (Ossuary)
  Duvessa (D:7)
  2 phantoms
  An ogre (D:5)
  A big kobold (D:10)
  A giant frog (D:7)
  Dowan (D:7)
  2 scorpions
  2 killer bees (D:8)
  A wight (D:5)
  5 howler monkeys
  4 crimson imps
  4 orc wizards
  A giant frog skeleton (D:4)
  An orc priest (D:8)
  4 hounds
  4 iguanas
  5 worker ants
  Ijyb (D:2)
  A howler monkey zombie (D:5)
  3 mummies (Ossuary)
  4 gnolls (D:2)
  A worker ant zombie (D:9)
  9 adders
  A shadow imp (D:7)
  2 oozes
  A worm zombie (D:8)
  4 worms
  3 dart slugs
  2 giant geckos (D:8)
  12 orcs
  6 bats
  4 giant cockroaches
  8 goblins
  6 hobgoblins
  8 jackals
  12 kobolds
  6 quokkas
  A ball python (D:1)
  A giant gecko skeleton (D:7)
  A giant gecko zombie (D:9)
  2 giant newts
  5 gnoll zombies (Ossuary)
  3 goblin skeletons (Ossuary)
  A goblin zombie (D:8)
  3 hobgoblin skeletons (Ossuary)
  3 hobgoblin zombies (Ossuary)
  A jackal skeleton (D:5)
  2 kobold skeletons (Ossuary)
  4 kobold zombies (Ossuary)
  5 orc skeletons (Ossuary)
  8 rats
  2 rat skeletons (Ossuary)
  3 rat zombies (Ossuary)
184 creatures vanquished.

Vanquished Creatures (collateral kills)
  3 wights
3 creatures vanquished.

Vanquished Creatures (others)
  A dancing weapon (D:6)
  A gnoll zombie (Ossuary)
  4 goblin skeletons (Ossuary)
  2 goblin zombies (Ossuary)
  A hobgoblin skeleton (Ossuary)
  2 hobgoblin zombies (Ossuary)
  A kobold zombie (Ossuary)
  An orc skeleton (Ossuary)
  2 orc zombies (Ossuary)
  4 rat skeletons (Ossuary)
  2 rat zombies (Ossuary)
21 creatures vanquished.

Grand Total: 208 creatures vanquished

Notes
Turn   | Place    | Note
--------------------------------------------------------------
     0 | D:1      | dohliylev the Vampire Enchanter began the quest for the Orb.
     0 | D:1      | Reached XP level 1. HP: 13/13 MP: 3/3
   173 | D:1      | Reached XP level 2. HP: 13/19 MP: 5/5
   259 | D:1      | Reached skill level 5 in Stealth
   847 | D:2      | Reached XP level 3. HP: 24/24 MP: 6/6
  1003 | D:2      | Reached skill level 6 in Stealth
  1134 | D:2      | Learned a level 2 spell: Ensorcelled Hibernation
  1272 | D:2      | Reached XP level 4. HP: 30/30 MP: 1/7
  1461 | D:2      | Reached skill level 7 in Stealth
  1534 | D:2      | Noticed Ijyb
  1560 | D:2      | Killed Ijyb
  1605 | D:2      | Reached XP level 5. HP: 35/35 MP: 5/8
  2227 | D:3      | Found a deep blue altar of Sif Muna.
  2717 | D:3      | Reached skill level 5 in Hexes
  2903 | D:4      | Reached skill level 8 in Stealth
  2928 | D:4      | Reached XP level 6. HP: 29/41 MP: 7/9
  3025 | D:4      | Found a glowing golden altar of the Shining One.
  3314 | D:5      | Entered Level 5 of the Dungeon
  3360 | D:5      | Reached skill level 9 in Stealth
  3606 | D:5      | Reached skill level 10 in Stealth
  3606 | D:5      | Reached skill level 1 in Ice Magic
  3606 | D:5      | Reached XP level 7. HP: 25/46 MP: 11/11
  3614 | D:5      | Learned a level 3 spell: Dazzling Spray
  3618 | D:5      | Learned a level 3 spell: Tukima's Dance
  4294 | D:6      | Found a blossoming altar of Fedhas.
  4386 | D:6      | Found a stormy altar of Qazlal.
  4795 | D:6      | HP: 2/47 [wight (6)]
  4868 | D:6      | HP: 2/47 [wight (6)]
  4878 | D:6      | HP: 1/47 [wight (4)]
  5262 | D:6      | Reached skill level 11 in Stealth
  5367 | D:7      | Reached skill level 1 in Fighting
  5374 | D:7      | Got a smoking cloak
  5390 | D:7      | Identified the +2 cloak "Qerph" {rC+ Str-5 Int+3} (You found it on level 7 of the Dungeon)
  5417 | D:7      | Found a staircase to the Ecumenical Temple.
  5427 | D:7      | Found an iron altar of Okawaru.
  5441 | D:7      | Reached XP level 8. HP: 54/54 MP: 13/13
  5527 | D:7      | You fall through a shaft for 3 floors!
  5527 | D:10     | Entered Level 10 of the Dungeon
  5688 | D:10     | Noticed a tengu conjurer
  5692 | D:10     | Killed a tengu conjurer
  5774 | D:9      | Found a staircase to the Lair.
  5781 | D:9      | Reached skill level 5 in Dodging
  5781 | D:9      | Reached skill level 12 in Stealth
  5818 | D:9      | Found a snail-covered altar of Cheibriados.
  5887 | D:9      | Found an opulent altar of Gozag.
  5928 | D:9      | Found a shadowy altar of Dithmenos.
  5931 | D:9      | Became a worshipper of Dithmenos the Shadowed
  6083 | D:8      | Found a sand-covered staircase.
  6106 | D:8      | Got a slimy bone amulet
  6130 | Ossuary  | Entered an ossuary
  6200 | Ossuary  | Reached * piety under Dithmenos
  6419 | Ossuary  | Noticed Menkaure
  6630 | Ossuary  | Learned a level 5 spell: Yara's Violent Unravelling
  6651 | Ossuary  | Killed Menkaure
  6768 | Ossuary  | Reached ** piety under Dithmenos
  6856 | D:7      | Reached XP level 9. HP: 57/59 MP: 13/15
  6958 | D:7      | Noticed Duvessa
  6958 | D:7      | Noticed Dowan
  6977 | D:7      | Killed Duvessa
  6991 | D:7      | Killed Dowan
  7193 | D:7      | Found a glowing silver altar of Zin.
  7593 | Temple   | Entered the Ecumenical Temple
  7898 | D:8      | Found Jifed's Distillery.
  8125 | D:8      | Noticed Psyche
  8129 | D:8      | Killed Psyche
  8129 | D:8      | Reached skill level 13 in Stealth
  8129 | D:8      | Reached skill level 5 in Spellcasting
  8315 | D:8      | Found a white marble altar of Elyvilon.
  8412 | D:8      | Slain by a killer bee

Vault maps used:
D:1:      erik_arrival_triangle_medium
D:2:      kennysheep_six_static_rooms, first_bread, uniq_iyjb
D:3:      led_sif_pool, kennysheep_boxes
D:4:      old_standard_altar, abandoned_shop
D:6:      fedhas_altar_fruit_tree, grunt_qazlal_sundering
D:7:      old_standard_altar, zin_treasury, minmay_temple_entry_from_below_a,
          uniq_duvessa
D:8:      basic_altar, enter_ossuary_3, serial_shops, nicolae_shop_trees,
          uniq_psyche
D:9:      grunt_gozag_breadcrumbs, nicolae_ashenzari_panopticon,
          cheibrodos_worm_habitat, grunt_dithmenos_smoke_and_mirrors, uniq_pikel
D:10:     enter_bailey_3, grunt_tengu_nest
Temple:   chambers_temple_12
Ossuary:  ossuary_due_pyramid

Skill      XL: |  1  2  3  4  5  6  7  8  9 |
---------------+----------------------------+-----
Stealth        | 5 6 7 8 10 11 12 13 | 13.3
Dodging        | 3 4 5 |  5.4
Hexes          | 5 7 8 |  8.7
Spellcasting   | 3 4 5 |  5.1
Ice Magic      | 1 2 3 |  3.6
Fighting       | 1 |  1.6
Short Blades   | 2 |  2.6
Conjurations   | |  0.5

Action                   |  1- 3 |  4- 6 |  7- 9 || total
-------------------------+-------+-------+-------++-------
Melee: Dagger            |   112 |   127 |   290 ||   529
 Cast: Ensorcelled Hiber |     3 |    30 |    63 ||    96
       Corona            |     2 |     6 |    45 ||    53
       Tukima's Dance    |       |       |     8 ||     8
       Dazzling Spray    |       |       |    30 ||    30
 Abil: End Transformatio |       |     2 |     3 ||     5
       Bat Form          |       |     2 |     3 ||     5
  Use: Potion            |       |       |    23 ||    23
       Scroll            |       |       |     4 ||     4
 Stab: Sleeping          |    14 |    36 |    61 ||   111
       Distracted        |       |       |     2 ||     2
       Invisible         |       |       |     1 ||     1
  Eat: Corpse            |     9 |     2 |       ||    11
